 Dungeon Crawl Stone Soup version 0.25-a0-290-g4a1327ee3a (webtiles) character file.

Game seed: 12271986718216360396, levelgen mode: deterministic

108674 yumianxiao the Thaumaturge (level 16, -1/138 HPs)
             Began as a Red Draconian Conjurer on Dec 14, 2019.
             Was the Champion of Vehumet.
             Slain by a naga warrior
             ... wielding a +1 short sword of electrocution
              (31 damage)
             ... on level 2 of the Snake Pit.
             The game lasted 03:38:08 (35267 turns).

yumianxiao the Thaumaturge (DrCj)                  Turns: 35267, Time: 03:38:10

Health: -1/138     AC: 21    Str: 14    XL:     16   Next: 3%
Magic:  8/33       EV: 15    Int: 19    God:    Vehumet [******]
Gold:   1262       SH: 11    Dex: 19    Spells: 3/41 levels left

rFire    + . .     SeeInvis .   a - +5 falchion "Roziblat" {flame, Int+2}
rCold    . . .     Gourm    .   D - +1 shield {AC+3}
rNeg     . . .     Faith    .   (armour unavailable)
rPois    +         Spirit   .   (helmet restricted)
rElec    .         Reflect  .   P - +2 cloak {MR+}
rCorr    .         Harm     .   V - +2 pair of gloves {Str+3}
MR       ++...                  l - +2 pair of boots
Stlth    ++........             A - amulet of regeneration
HPRegen  0.73/turn              R - +3 ring of slaying
MPRegen  0.23/turn              e - ring of poison resistance

@: very slightly contaminated, constricted, deflect missiles
A: breathe fire, unfitting armour, agile 1, fire resistance 1, wild magic 1,
evolution 1, cold-blooded, AC +9
a: Breathe Fire, Renounce Religion


You were on level 2 of the Snake Pit.
You worshipped Vehumet.
Vehumet was exalted by your worship.
You were not hungry.

You visited 4 branches of the dungeon, and saw 24 of its levels.
You also visited: Gauntlet and Ice Cave.

You collected 2674 gold pieces.
You spent 1412 gold pieces at shops.

Inventory:

Hand Weapons
 a - the +5 falchion "Roziblat" (weapon) {flame, Int+2}
   (You found it on level 5 of the Dungeon)

   It has been specially enchanted to burn those struck by it, causing extra
   injury to most foes and up to half again as much damage against particularly
   susceptible opponents.
   Big, fiery blades are also staple armaments of hydra-hunters.
   It affects your intelligence (+2).
Missiles
 m - 79 poisoned darts
 K - 2 throwing nets
 M - 6 curare-tipped darts
 W - 21 javelins (quivered)
Armour
 f - a +2 buckler of protection
 l - a +2 pair of boots (worn)
 D - a +1 shield of protection (worn)
 P - a +2 cloak of magic resistance (worn)
 V - a +2 pair of gloves of strength (worn)
Magical Staves
 b - an uncursed staff of wizardry
 I - an uncursed staff of air
Jewellery
 e - a ring of poison resistance (right hand)
 k - an uncursed ring of flight
 v - an uncursed ring of magical power
 x - an uncursed ring of ice
 A - an amulet of regeneration (around neck)
 C - an uncursed ring of positive energy
 N - an uncursed ring of see invisible
 R - a +3 ring of slaying (left hand)
 S - an uncursed ring of wizardry
Wands
 s - a wand of flame (16)
 t - a wand of polymorph (17)
 w - a wand of iceblast (18)
 H - a wand of clouds (6)
 J - a wand of digging (10)
 O - a wand of acid (8)
Scrolls
 d - 17 scrolls of remove curse
 g - 12 scrolls of teleportation
 o - 4 scrolls of immolation
 q - 4 scrolls of fog
 u - 2 scrolls of magic mapping
 y - a scroll of amnesia
 F - 3 scrolls of identify
 L - a scroll of summoning
 U - a scroll of fear
 Y - 3 scrolls of blinking
Potions
 c - a potion of ambrosia
 h - 11 potions of curing
 i - 4 potions of brilliance
 j - 4 potions of magic
 n - 5 potions of lignification
 p - 5 potions of haste
 r - 2 potions of heal wounds
 B - a potion of agility
 E - 2 potions of flight
 G - a potion of berserk rage
 X - a potion of invisibility
Miscellaneous
 Q - a lamp of fire
 T - a phantom mirror
Comestibles
 z - 28 rations


   Skills:
 * Level 11.5 Fighting
 + Level 5.8 Long Blades
 - Level 5.0 Throwing
 - Level 9.9 Dodging
 - Level 1.7 Stealth
 + Level 4.5 Shields
 - Level 13.2 Spellcasting
 - Level 11.0 Conjurations
 - Level 5.7 Hexes
 - Level 7.1 Charms
 - Level 1.4 Summonings
 - Level 4.0 Translocations
 - Level 2.5 Transmutations
   Level 7.4 Fire Magic
 - Level 8.4 Air Magic
 - Level 2.5 Earth Magic
 - Level 1.5 Evocations


You had 3 spell levels left.
You knew the following spells:

 Your Spells              Type           Power        Failure   Level  Hunger
a - Spellforged Servitor  Conj/Summ      #####.....   97%         7    #######
b - Searing Ray           Conj           ######       1%          2    None
c - Fulminant Prism       Conj/Hex       ######....   2%          4    None
d - Iskenderun's Mystic   Conj/Tloc      ######..     3%          4    None
e - Blink                 Tloc           N/A          10%         2    None
f - Swiftness             Chrm/Air       ######..     2%          2    None
g - Passwall              Tmut/Erth      ####....     16%         2    None
h - Deflect Missiles      Chrm/Air       ######....   83%         6    #####..
i - Airstrike             Air            ######....   2%          4    None
j - Lightning Bolt        Conj/Air       ######....   4%          5    ####...

Your spell library contained the following spells:

 Spells                   Type           Power        Failure   Level  Hunger
 Orb of Destruction       Conj           ######....   47%         7    #######
 Foxfire                  Conj/Fire      ####         1%          1    None
 Magic Dart               Conj           ####         1%          1    None
 Shock                    Conj/Air       ####         1%          1    None
 Conjure Flame            Conj/Fire      ######..     1%          3    None
 Dazzling Flash           Conj/Hex       ######       1%          3    None
 Inner Flame              Hex/Fire       #####...     1%          3    None
 Mephitic Cloud           Conj/Pois/Air  #####...     1%          3    None
 Static Discharge         Conj/Air       ######..     1%          3    None
 Stone Arrow              Conj/Erth      ######       1%          3    None
 Infusion                 Chrm           ####         2%          1    None
 Corona                   Hex            #####..      3%          1    None
 Sandblast                Erth           ####..       3%          1    None
 Slow                     Hex            #####...     5%          2    None
 Poisonous Vapours        Pois/Air       #####.       9%          2    None
 Confuse                  Hex            #####...     10%         3    None
 Tukima's Dance           Hex            #####...     10%         3    None
 Beastly Appendage        Tmut           ####..       11%         1    None
 Ensorcelled Hibernation  Hex/Ice        ####..       14%         2    None
 Sticks to Snakes         Tmut           ####....     16%         2    None
 Call Imp                 Summ           ###.....     24%         2    None
 Spider Form              Tmut/Pois      ###.......   43%         3    None
 Sticky Flame             Conj/Fire      ######..     2%          4    None
 Fireball                 Conj/Fire      ######....   5%          5    ####...
 Cause Fear               Hex            #####.....   26%         4    None
 Yara's Violent Unravell  Hex/Tmut       #####.....   32%         5    ####...
 Silence                  Hex/Air        ######....   38%         5    ####...
 Lee's Rapid Deconstruct  Erth           ####......   50%         5    ####...
 Freezing Cloud           Conj/Ice/Air   #####.....   52%         6    #####..
 Petrify                  Tmut/Erth      ####....     65%         4    None
 Ice Form                 Ice/Tmut       ###.....     82%         4    None
 Blade Hands              Tmut           ####......   93%         5    ####...
 Ring of Flames           Chrm/Fire      ######....   100%        7    #######
 Discord                  Hex            #####.....   100%        8    #######


Dungeon Overview and Level Annotations

Branches:
Dungeon (14/15)            Temple (0/1) D:5            Lair (6/6) D:11
 Shoals (0/4) Lair:3        Snake (2/4) Lair:3        Slime (0/5) Lair:6
    Orc (2/2) D:10            Elf (0/3) Orc:2        Vaults (0/5) D:13
  IceCv (visited)         Gauntlet (visited)

Altars:
Cheibriados
Dithmenos
Hepliaklqana
Kikubaaqudgha
Makhleb
Nemelex Xobeh
Okawaru
Sif Muna
Trog
Uskayaw
Vehumet
Wu Jian
Xom
Yredelemnul
Zin
Beogh
Jiyva

Shops:
D:7 (?   Orc:1 [=*(   Orc:2 ?([*   Snake:2 %

Annotations:
D:2 exclusion: downstairs
D:3 1 runed translucent door, exclusion: downstairs, argonath's ghost, amateur HOBe
D:8 exclusion: 2 downstairs
D:9 2 transporters, DEFE's ghost, novice DsFi
D:13 exclusion: 2 downstairs
D:14 Rupert
Lair:1 exclusion: downstairs
Lair:3 Snorg
Lair:4 3 runed translucent doors, Somebody's ghost, journeyman NaBe
Lair:6 1 runed translucent door
Snake:1 exclusion: 2 downstairs
Orc:1 exclusion: downstairs


Innate Abilities, Weirdness & Mutations

You can breathe blasts of fire.
Your fiery red scales are hard. (AC +9)
You cannot fit into any form of body armour.
Your flesh is heat resistant. (rF+)
You are cold-blooded and may be slowed by cold attacks.
You are agile. (Dex +2)
Your spells are a little harder to cast, but a little more powerful.
You evolve.


Message History

The naga warrior is severely wounded.
The searing ray hits the naga warrior!
The naga warrior is almost dead.
The naga warrior hits you with a +1 short sword of electrocution!!!
You are electrocuted!
The naga warrior closely misses you.
The searing ray hits the naga warrior.
The naga warrior is almost dead.
You finish channeling your searing ray.
You block the naga warrior's attack. The naga warrior grabs you.
The naga warrior constricts you.
The naga warrior hits you with a +1 short sword of electrocution!!
You are electrocuted!
* * * LOW HITPOINT WARNING * * *
x2 The naga warrior constricts you.
Casting: Searing Ray (safe; 1% risk of failure)
Confirm with . or Enter, or press ? or * to list all spells.
You miscast Blink.
You are very lightly contaminated with residual magic.
Nothing appears to happen.
The naga warrior hits you with a +1 short sword of electrocution!!
You die...

,,** *,*#####*.#..**,,....... ,**
*###...#*...,,*,,.##.... ,,***
###.....##..,,,,,,,*##... ,*,,**
*#..........#,,,,,*.######
,,**,***.......)...#,,,,,*#....##
,,,**,,,...........#,,,,,,#......
,,,,***,..........#**,****#...##.
,,,,,***.......[N.# *,,* #......
,,,,,**,........@## *,,* *......
,,,,,*,*###.##.#.# *,,* #......
,,,,,,** #,*###.## **,** #......
,,,,,******,** ##.####,,**#.#....
,,**,*,,,***,* ##....#***,.##....
*****,,,,,,*,**#...### ***.#....
* **,,,,,,,,,*#.##.### *#.....
***,,,,,,,,,,#.#*#...## #.#...
**,,,,,,,,,,..#* #....#### #.##..


You could see a naga warrior (berserk).

Vanquished Creatures
  A nagaraja (Snake:2)
  2 orc warlords
  A minotaur (Gauntlet)
  2 blizzard demons (IceCv)
  Fannar (Lair:2)
  Harold (Lair:2)
  A great orb of eyes (Gauntlet)
  5 anacondas
  8 hydras
  A centaur warrior (D:14)
  2 dancing weapons (D:13)
  Erica (D:8)
  An alligator (Lair:6)
  6 two-headed ogres
  6 orc high priests
  2 tengu warriors (D:14)
  7 naga sharpshooters
  3 shock serpents
  Sonja (D:10)
  Urug (Lair:3)
  Nergalle (D:11)
  An unseen horror (D:13)
  2 naga ritualists (Snake:2)
  A lindwurm (Lair:5)
  10 orc knights
  5 mana vipers
  7 ugly things
  A wolf spider (D:14)
  4 orc sorcerers
  A cyclops (D:13)
  5 salamanders
  10 black mambas
  Psyche (D:10)
  An elephant (Lair:6)
  A merfolk siren (Lair:3)
  3 ice statues (IceCv)
  6 spiny frogs
  6 naga magi
  2 centaur zombies (D:13)
  A gargoyle (D:12)
  2 kobold demonologists (D:13)
  3 rime drakes
  6 ice devils (IceCv)
  2 anaconda simulacra (IceCv)
  8 komodo dragons
  A golden dragon simulacrum (IceCv)
  2 trolls (Orc:1)
  2 polar bears
  8 hornets
  A hornet (shapeshifter) (Gauntlet)
  21 blink frogs
  17 hippogriffs
  2 wraiths (D:12)
  A centaur simulacrum (D:14)
  31 yaks
  12 spriggans (Lair:6)
  3 wyverns
  A vampire (D:14)
  A ynoxinul (Gauntlet)
  2 basilisks
  A hungry ghost (D:7)
  Grum (D:9)
  3 harpy simulacra (IceCv)
  2 iron troll simulacra (IceCv)
  15 nagas
  A hydra simulacrum (IceCv)
  4 wargs
  Duvessa (D:4)
  15 water moccasins
  5 porcupines
  6 black bears (Lair:6)
  4 ice beasts
  52 orc warriors
  An eye of draining (D:8)
  A hornet zombie (D:13)
  An ettin simulacrum (IceCv)
  2 sky beasts (D:6)
  10 ogres
  30 wolves
  9 boggarts
  6 centaurs
  6 crocodiles
  4 big kobolds
  Blork the orc (D:6)
  14 bullfrogs
  A wyvern skeleton (D:7)
  Dowan (D:4)
  7 scorpions
  19 wights
  4 killer bees (D:9)
  4 howler monkeys
  2 bullfrog zombies
  8 crimson imps
  A quasit (D:7)
  7 hounds
  7 centaur skeletons
  45 orc priests
  9 jellies
  33 orc wizards
  3 bullfrog skeletons
  4 iron imps
  4 iguanas
  4 worker ants
  A howler monkey zombie (D:9)
  2 worker ant zombies (D:5)
  11 gnolls
  5 adders
  A howler monkey skeleton (D:8)
  2 shadow imps
  5 oozes (D:8)
  An adder skeleton (D:8)
  An adder zombie (D:6)
  A worm (D:5)
  3 dart slugs
  7 leopard geckos
  92 orcs
  A ball python (D:1)
  15 bats
  5 giant cockroaches
  9 goblins
  5 hobgoblins
  15 jackals
  3 quokkas
  6 frilled lizards
  18 kobolds
  2 leopard gecko zombies (D:5)
  A quokka skeleton (D:4)
  8 rats
  2 fulminant prisms (Orc:2)
  A fungus (Lair:6)
  2 plants (Lair:6)
831 creatures vanquished.

Vanquished Creatures (others)
  338 fulminant prisms
  20 fungi
  6 plants (Lair:6)
364 creatures vanquished.

Grand Total: 1195 creatures vanquished

Notes
Turn   | Place    | Note
-------+----------+-------------------------------------------
     0 | D:1      | yumianxiao the Draconian Conjurer began the quest for the
                  | Orb.
     0 | D:1      | Reached XP level 1. HP: 14/14 MP: 3/3
   374 | D:1      | Reached XP level 2. HP: 20/20 MP: 3/5
   379 | D:1      | Learned a level 2 spell: Searing Ray
   795 | D:1      | Reached XP level 3. HP: 26/26 MP: 4/6
   870 | D:1      | Reached skill level 5 in Conjurations
  1555 | D:1      | Reached XP level 4. HP: 30/33 MP: 3/7
  2580 | D:2      | Found an ornate altar of the Wu Jian Council.
  2617 | D:2      | Learned a level 4 spell: Fulminant Prism
  2683 | D:3      | Found a glowing silver altar of Zin.
  2684 | D:3      | Found a bloodstained altar of Trog.
  2684 | D:3      | Found a hazy altar of Hepliaklqana.
  2684 | D:3      | Found a radiant altar of Vehumet.
  2686 | D:3      | Found a basalt altar of Yredelemnul.
  2686 | D:3      | Found a hide-covered altar of Uskayaw.
  2688 | D:3      | Found a shadowy altar of Dithmenos.
  2693 | D:3      | Became a worshipper of Vehumet
  2763 | D:3      | Reached XP level 5. HP: 38/38 MP: 1/9
  3122 | D:3      | Noticed Grinder
  3401 | D:3      | Noticed Grinder
  3401 | D:3      | Grinder changed into Grinder the iron imp
  3413 | D:3      | Killed Grinder the iron imp
  3936 | D:3      | Found a runed translucent door.
  3941 | D:3      | Noticed argonath's ghost (amateur HOBe)
  4130 | D:4      | Reached skill level 3 in Spellcasting
  4319 | D:4      | Reached XP level 6. HP: 45/45 MP: 5/10
  4538 | D:4      | Reached skill level 1 in Hexes
  5154 | D:4      | Noticed Duvessa
  5154 | D:4      | Noticed Dowan
  5384 | D:4      | Reached skill level 1 in Throwing
  5384 | D:4      | Your scales start taking on a fiery red colour.
  5384 | D:4      | Reached XP level 7. HP: 35/50 MP: 3/12
  5384 | D:4      | Gained mutation: Your flesh is heat resistant. (rF+) [Red
                  | Draconian growth]
  5893 | D:4      | Killed Duvessa
  5895 | D:4      | Killed Dowan
  6218 | D:5      | Entered Level 5 of the Dungeon
  6223 | D:5      | Reached skill level 4 in Spellcasting
  6279 | D:5      | Reached * piety under Vehumet
  6279 | D:5      | Offered knowledge of Freeze by Vehumet.
  6313 | D:5      | Reached skill level 1 in Fighting
  6371 | D:5      | Reached XP level 8. HP: 53/59 MP: 10/14
  6557 | D:5      | Found a staircase to the Ecumenical Temple.
  6823 | D:5      | Found an ancient bone altar of Kikubaaqudgha.
  6830 | D:5      | Found a snail-covered altar of Cheibriados.
  7091 | D:5      | You fall into a shaft and drop 3 floors!
  7237 | D:8      | Found a sparkling altar of Nemelex Xobeh.
  7563 | D:7      | Gained mutation: Scrolls take you a little longer to read.
                  | [potion of mutation]
  7563 | D:7      | Gained mutation: You expend magic power (3 MP) to
                  | strengthen your wands. [potion of mutation]
  7563 | D:7      | Gained mutation: You are agile. (Dex +2) [potion of
                  | mutation]
  7563 | D:7      | Gained mutation: Your tail ends in a poisonous barb.
                  | [potion of mutation]
  8045 | D:6      | Found a burning altar of Makhleb.
  8184 | D:5      | Noticed a hippogriff
  8189 | D:5      | Killed a hippogriff
  8189 | D:5      | Reached skill level 5 in Spellcasting
  8550 | D:5      | Got a faintly glowing falchion
  8551 | D:5      | Identified the +5 falchion "Roziblat" {flame, Int+2} (You
                  | found it on level 5 of the Dungeon)
  8635 | D:5      | Learned a level 4 spell: Iskenderun's Mystic Blast
  8820 | D:6      | Reached XP level 9. HP: 68/69 MP: 10/17
  9026 | D:6      | Noticed Blork the orc
  9030 | D:6      | Killed Blork the orc
  9030 | D:6      | Reached ** piety under Vehumet
  9030 | D:6      | Offered knowledge of Sandblast by Vehumet.
  9088 | D:6      | Reached skill level 1 in Translocations
  9299 | D:7      | Found Vouqunk's Magic Scroll Emporium.
  9307 | D:7      | Bought a scroll of magic mapping for 52 gold pieces
  9480 | D:7      | Found a shimmering altar of Xom.
  9580 | D:7      | Found Equwk's Antique Weapon Emporium.
  9715 | D:8      | Reached skill level 6 in Spellcasting
  9977 | D:8      | Offered knowledge of Ignite Poison by Vehumet.
 10038 | D:8      | Noticed a two-headed ogre
 10047 | D:8      | Killed a two-headed ogre
 10239 | D:8      | Noticed Erica
 10246 | D:8      | Killed Erica
 10246 | D:8      | Reached skill level 5 in Hexes
 10246 | D:8      | Reached XP level 10. HP: 80/80 MP: 10/20
 10303 | D:8      | Noticed a two-headed ogre
 10314 | D:8      | Killed a two-headed ogre
 10314 | D:8      | Reached skill level 5 in Fighting
 10314 | D:8      | Reached skill level 7 in Spellcasting
 10577 | D:8      | Reached skill level 1 in Evocations
 10797 | D:8      | Reached *** piety under Vehumet
 11028 | D:9      | You fall into a shaft and drop 2 floors!
 11056 | D:11     | Noticed Nergalle
 11064 | D:11     | Killed Nergalle
 11281 | D:11     | Found a staircase to the Lair.
 11375 | D:10     | Entered Level 10 of the Dungeon
 11435 | D:9      | Noticed Grum
 11443 | D:9      | Offered knowledge of Conjure Flame by Vehumet.
 11444 | D:9      | Killed Grum
 11448 | D:9      | Noticed a two-headed ogre
 11470 | D:8      | Learned a level 3 spell: Conjure Flame
 11598 | D:9      | Reached skill level 1 in Fire Magic
 11600 | D:9      | Noticed a two-headed ogre
 11927 | D:9      | Killed a two-headed ogre
 11927 | D:9      | Reached XP level 11. HP: 89/89 MP: 16/22
 12135 | D:9      | Noticed DEFE's ghost (novice DsFi)
 12137 | D:9      | Found a transporter.
 12138 | D:9      | Noticed an ettin
 12145 | D:9      | Reached **** piety under Vehumet
 12151 | D:9      | Killed a two-headed ogre
 12151 | D:9      | Reached skill level 8 in Spellcasting
 12156 | D:9      | Offered knowledge of Inner Flame by Vehumet.
 12180 | D:9      | Noticed a great orb of eyes
 12180 | D:9      | an ettin changed into a great orb of eyes
 12182 | D:9      | Noticed a wolf spider
 12182 | D:9      | a great orb of eyes changed into a wolf spider
 12248 | D:9      | Noticed a glowing orange brain
 12248 | D:9      | a wolf spider changed into a glowing orange brain
 12262 | D:9      | a glowing orange brain changed into a dream sheep
 12278 | D:9      | Found a transporter.
 12280 | D:9      | Noticed a harpy
 12280 | D:9      | a black bear changed into a harpy
 12313 | D:9      | a harpy changed into a salamander
 12697 | D:10     | Reached skill level 10 in Conjurations
 12852 | D:10     | Learned a level 2 spell: Swiftness
 12880 | D:10     | Noticed a two-headed ogre
 12887 | D:10     | Killed a two-headed ogre
 12887 | D:10     | Reached skill level 1 in Long Blades
 13223 | D:10     | Noticed Sonja
 13231 | D:10     | Killed Sonja
 13231 | D:10     | Reached skill level 5 in Dodging
 13231 | D:10     | Reached skill level 1 in Charms
 13231 | D:10     | Reached skill level 1 in Air Magic
 13429 | D:10     | Reached ***** piety under Vehumet
 13429 | D:10     | Offered knowledge of Starburst by Vehumet.
 13505 | D:10     | Noticed Psyche
 13513 | D:10     | Killed Psyche
 13694 | D:10     | Found a staircase to the Orcish Mines.
 13829 | D:10     | Learned a level 2 spell: Passwall
 14003 | D:11     | Reached skill level 5 in Fire Magic
 14305 | D:11     | Found a shimmering blue altar of Sif Muna.
 14324 | D:11     | Identified Sif Muna's Reference Book on Enhancements
 14647 | D:12     | Reached skill level 1 in Earth Magic
 14817 | D:12     | Found a radiant altar of Vehumet.
 15014 | D:12     | Reached skill level 1 in Transmutations
 15228 | D:13     | Reached XP level 12. HP: 56/100 MP: 10/24
 15550 | D:13     | Reached skill level 9 in Spellcasting
 15730 | D:13     | HP: 5/100 [+6 long sword (19)]
 15731 | D:13     | HP: 1/100 [+6 long sword (4)]
 15734 | D:13     | Found a gate to the Vaults.
 16453 | D:13     | Learned a level 6 spell: Deflect Missiles
 16518 | D:14     | Noticed a two-headed ogre
 16522 | D:14     | Killed a two-headed ogre
 16712 | D:13     | Learned a level 4 spell: Airstrike
 16740 | D:14     | Noticed an eight-headed hydra
 16744 | D:14     | Killed an eight-headed hydra
 16980 | D:14     | Reached skill level 5 in Throwing
 17215 | D:14     | Noticed Rupert
 17216 | D:14     | Paralysed by Rupert for 7 turns
 17425 | Lair:1   | Entered Level 1 of the Lair of Beasts
 17468 | Lair:1   | Found a snail-covered altar of Cheibriados.
 17516 | Lair:1   | Found a gate leading to a gauntlet.
 17521 | Gauntlet | Entered a Gauntlet
 17521 | Gauntlet | Found a transporter.
 17521 | Gauntlet | Found a transporter.
 17521 | Gauntlet | Found a transporter.
 17522 | Gauntlet | Found a transporter.
 17523 | Gauntlet | Found a transporter.
 17526 | Gauntlet | Found a transporter.
 17531 | Gauntlet | Noticed a catoblepas
 17535 | Gauntlet | Found a transporter.
 17535 | Gauntlet | Found a transporter.
 17536 | Gauntlet | Found a transporter.
 17537 | Gauntlet | Found a transporter.
 17545 | Gauntlet | Found a transporter.
 17550 | Gauntlet | Found a transporter.
 17552 | Gauntlet | Noticed a great orb of eyes
 17900 | Gauntlet | Killed a great orb of eyes
 18241 | Gauntlet | Noticed a minotaur
 18255 | Gauntlet | Killed a minotaur
 19067 | Lair:2   | Reached skill level 10 in Spellcasting
 19093 | Lair:2   | Noticed Fannar
 19098 | Lair:2   | Reached XP level 13. HP: 107/107 MP: 3/27
 19104 | Lair:2   | Killed Fannar
 19580 | Lair:2   | Noticed Harold
 19590 | Lair:2   | Killed Harold
 19590 | Lair:2   | Offered knowledge of Hailstorm by Vehumet.
 20587 | Lair:3   | Noticed Snorg
 20624 | Lair:3   | Found a staircase to the Shoals.
 20722 | Lair:3   | Noticed Urug
 20744 | Lair:3   | Killed Urug
 21093 | Lair:3   | Found a staircase to the Snake Pit.
 21542 | Lair:3   | Learned a level 5 spell: Lightning Bolt
 21752 | Lair:4   | Found an iron altar of Okawaru.
 22360 | Lair:4   | Found a runed translucent gate.
 22360 | Lair:4   | Found a runed translucent gate.
 22360 | Lair:4   | Found a runed translucent gate.
 22365 | Lair:4   | Noticed a death ooze
 22366 | Lair:4   | Noticed Somebody's ghost (journeyman NaBe)
 22461 | Lair:4   | Found a viscous altar of Jiyva.
 22792 | Lair:5   | Reached skill level 11 in Spellcasting
 22792 | Lair:5   | Reached skill level 5 in Air Magic
 23784 | Lair:6   | Entered Level 6 of the Lair of Beasts
 23925 | Lair:6   | Reached skill level 5 in Charms
 23929 | Lair:6   | Reached XP level 14. HP: 76/118 MP: 18/29
 24318 | Lair:6   | Offered knowledge of Spellforged Servitor by Vehumet.
 25502 | Lair:6   | Reached skill level 10 in Fighting
 25886 | Lair:6   | Found a runed translucent door.
 25886 | Lair:6   | Found a viscous altar of Jiyva.
 25886 | Lair:6   | Noticed an acid blob
 25911 | Lair:6   | Found a staircase to the Slime Pits.
 25911 | Lair:6   | Noticed an acid blob
 25911 | Lair:6   | Noticed an acid blob
 25911 | Lair:6   | Noticed an acid blob
 26511 | Lair:6   | Identified a scroll of acquirement
 26658 | Lair:1   | Learned a level 7 spell: Spellforged Servitor
 26720 | Orc:1    | Entered Level 1 of the Orcish Mines
 26720 | Orc:1    | Found Boxy's Jewellery Shoppe.
 26728 | Orc:1    | Bought an uncursed ring of magical power for 280 gold
                  | pieces
 26775 | Orc:1    | Found Juleunu's Antique Armour Shop.
 26808 | Orc:1    | Noticed an orc warlord
 26841 | Orc:1    | Killed an orc warlord
 27117 | Orc:1    | Reached skill level 1 in Shields
 27376 | Orc:1    | Offered knowledge of Bolt of Magma by Vehumet.
 27415 | Orc:1    | Found Rutz's Antique Weapon Shoppe.
 27416 | Orc:1    | Found Zicholey's General Store.
 27426 | Orc:1    | Bought a potion of mutation for 112 gold pieces
 27426 | Orc:1    | Lost mutation: Scrolls take you a little longer to read.
                  | [potion of mutation]
 27426 | Orc:1    | Lost mutation: You expend magic power (3 MP) to strengthen
                  | your wands. [potion of mutation]
 27426 | Orc:1    | Lost mutation: Your tail ends in a poisonous barb. [potion
                  | of mutation]
 27426 | Orc:1    | Lost mutation: You are agile. (Dex +2) [potion of mutation]
 27426 | Orc:1    | Gained mutation: Your spells are a little harder to cast,
                  | but a little more powerful. [potion of mutation]
 27426 | Orc:1    | Gained mutation: You are frail. (-10% HP) [potion of
                  | mutation]
 27426 | Orc:1    | Lost mutation: You are frail. (-10% HP) [potion of
                  | mutation]
 27426 | Orc:1    | Gained mutation: You evolve. [potion of mutation]
 27604 | Orc:1    | Reached skill level 12 in Spellcasting
 27915 | Orc:1    | Paralysed by an orc sorcerer for 4 turns
 28537 | Orc:1    | Found a roughly hewn altar of Beogh.
 28579 | Orc:2    | Entered Level 2 of the Orcish Mines
 29190 | Orc:2    | Reached ****** piety under Vehumet
 29191 | Orc:2    | Noticed an orc warlord
 29431 | Orc:2    | Offered knowledge of Conjure Ball Lightning by Vehumet.
 29445 | Orc:2    | Killed an orc warlord
 29460 | Orc:2    | Reached XP level 15. HP: 65/128 MP: 8/31
 29975 | Orc:2    | Gained mutation: You are agile. (Dex +2) [evolution]
 30390 | Orc:2    | Found a staircase to the Elven Halls.
 30466 | Orc:2    | Found Rafyrgh's Antique Weapon Boutique.
 30469 | Orc:2    | Found Midel's Armour Shop.
 30470 | Orc:2    | Found Juj Qoon's Magic Scroll Boutique.
 30471 | Orc:2    | Found Gukoer's General Store.
 30475 | Orc:2    | Bought a +1 shield of protection for 297 gold pieces
 30475 | Orc:2    | Bought a +2 cloak of magic resistance for 387 gold pieces
 30511 | Orc:2    | Bought a scroll of enchant armour for 82 gold pieces
 30511 | Orc:2    | Bought a scroll of enchant armour for 82 gold pieces
 30516 | Orc:2    | Bought a scroll of enchant armour for 120 gold pieces
 31162 | D:14     | Learned a level 2 spell: Blink
 31910 | Snake:1  | Entered Level 1 of the Snake Pit
 32733 | Snake:1  | Offered knowledge of Iron Shot by Vehumet.
 32878 | Snake:1  | Reached skill level 13 in Spellcasting
 33483 | Snake:2  | Found a frozen archway.
 33496 | IceCv    | Entered an ice cave
 34016 | IceCv    | Reached skill level 5 in Long Blades
 34181 | IceCv    | Identified the +7 broad axe of Feoppeav {chop, MR+} (You
                  | found it in an ice cave)
 34278 | Snake:2  | Reached skill level 1 in Summonings
 34333 | Snake:2  | Identified the cursed +1 lajatang of the Egg {venom, rC+}
 34636 | Snake:2  | Offered knowledge of Orb of Destruction by Vehumet.
 34771 | Snake:2  | Found Zesext's Food Boutique.
 35162 | Snake:2  | Reached XP level 16. HP: 138/138 MP: 26/33
 35267 | Snake:2  | Slain by a naga warrior

Levels and vault maps discovered:
D:1:      dpeg_arrival_boxorama, layout_loops_ring, minmay_heptomino_d4
D:2:      layout_rooms, lemuel_crystal_altar
D:3:      layout_loops_ring, grunt_temple_overflow_open, first_ration,
          ebering_ghost_reflecting_pool, kennysheep_generic_room_15,
          uniq_grinder
D:4:      layout_basic, uniq_duvessa
D:5:      layout_gridville, amethyst_overflow_temple_binary, temple_green,
          skrybe_limestone_x, sigmund_army
D:6:      layout_basic, bloody_makhleb, minivault_1, dk_rats_in_the_wall,
          uniq_blork_the_orc
D:7:      layout_rooms, basic_altar, serial_shops, nicolae_shop_waterfront, shop
D:8:      layout_basic, basic_altar, hangedman_little_slice_of_home, uniq_erica
D:9:      layout_basic, gammafunk_ghost_arena, serial_curves, eino_curves_03,
          eino_curves_04, eino_curves_01, eino_curves_03, uniq_grum
D:10:     layout_basic, erik_orc_4, uniq_psyche, uniq_sonja
D:11:     layout_loops_ring, lair_entry_dummy, led_sif_book, uniq_nergalle
D:12:     layout_roguey, basic_altar
D:13:     layout_loops_ring, erik_vaults_1, chequers_serial_rivers_micro_d
D:14:     layout_irregular_city, minivault_23, uniq_rupert
Lair:1:   layout_chaotic_city, basic_altar, gauntlet_entry_generic,
          lemuel_fruit_tree
Lair:2:   layout_long_grid, uniq_fannar, uniq_harold
Lair:3:   layout_regular_city, minmay_shoals_entry_lonely_mermaid,
          minmay_snake_entry_guardpost_small, st_stairs_5, uniq_urug, uniq_snorg
Lair:4:   layout_regular_city, basic_altar, gammafunk_ghost_ooze
Lair:5:   layout_roguey, grunt_megastairs_2
Lair:6:   minmay_lair_end_enchanted_forest, layout_cave_pods, slime_altar_2,
          nicolae_volcano_entry_hallway
Snake:1:  layout_concentric_octagons, serial_bayou_shore_b
Snake:2:  layout_chambers, serial_shops, shop,
          portal_ice_cave_entry_pillars_four
Orc:1:    orc_temple, layout_diamond_mine, serial_shops, nicolae_shop_stone,
          shop, shop, shop
Orc:2:    st_orc_pillars, layout_caves, special_room

Skill      XL: |  1  2  3  4  5  6  7  8  9 10 11 12 13 14 15 |
---------------+----------------------------------------------+-----
Conjurations   | 5 6 7 8 9 10 11 | 11.0
Dodging        | 2 3 4 5 6 7 8 9 |  9.9
Spellcasting   | 3 4 5 6 7 8 10 11 12 13 | 13.2
Hexes          | 1 3 4 5 |  5.7
Throwing       | 1 2 3 4 5 |  5.0
Fighting       | 1 3 4 6 7 8 9 10 11 | 11.5
Translocations | 3 4 |  4.0
Evocations     | 1 |  1.5
Fire Magic     | 2 5 7 |  7.4
Long Blades    | 2 3 4 5 |  5.8
Charms         | 2 3 5 6 7 |  7.1
Air Magic      | 2 3 5 7 8 |  8.4
Earth Magic    | 1 2 |  2.5
Transmutations | 1 2 |  2.5
Shields        | 2 4 |  4.5
Summonings     | 1 |  1.4
Stealth        | |  1.7

Action                   |  1- 3 |  4- 6 |  7- 9 | 10-12 | 13-15 | 16-18 || total
-------------------------+-------+-------+-------+-------+-------+-------++-------
Melee: Spear             |    44 |    19 |     6 |       |       |       ||    69
       Tailslap          |     1 |     1 |     1 |    13 |    46 |       ||    62
       Falchion          |       |       |     5 |    37 |   189 |       ||   231
       Staff             |       |       |       |       |     7 |       ||     7
Throw: Dart              |       |    33 |    38 |    44 |   141 |       ||   256
       Boomerang         |       |       |     3 |       |       |       ||     3
       Javelin           |       |       |       |       |     9 |       ||     9
 Cast: Magic Dart        |    43 |    80 |   158 |   191 |    83 |       ||   555
       Searing Ray       |     3 |    15 |    37 |    90 |   212 |     3 ||   360
       Fulminant Prism   |       |       |     6 |    72 |   258 |     4 ||   340
       Iskenderun's Myst |       |       |       |     5 |    14 |       ||    19
       Swiftness         |       |       |       |     2 |     7 |       ||     9
       Airstrike         |       |       |       |     5 |    50 |     3 ||    58
       Lightning Bolt    |       |       |       |       |    60 |       ||    60
       Deflect Missiles  |       |       |       |       |     4 |       ||     4
       Blink             |       |       |       |       |     1 |       ||     1
 Abil: Breathe Fire      |       |       |     4 |    10 |    18 |       ||    32
       Evoke Flight      |       |       |       |     1 |       |       ||     1
Evoke: Wand              |       |     2 |     3 |     3 |    18 |       ||    26
       Lamp of fire      |       |       |       |     1 |       |       ||     1
  Use: Scroll            |       |     7 |     9 |    13 |    16 |       ||    45
       Potion            |       |       |     1 |     7 |     4 |       ||    12
 Stab: Sleeping          |       |     2 |       |     4 |       |       ||     6
  Eat: Chunk             |    14 |    17 |    17 |    27 |    39 |       ||   114
       Ration            |       |       |       |       |    11 |       ||    11
Armor: Skin              |    18 |    17 |    20 |    59 |   149 |       ||   263
Dodge: Dodged            |    28 |    22 |    36 |   154 |   531 |     1 ||   772
       Deflected         |       |       |       |       |    43 |     1 ||    44
Block: Buckler           |       |       |       |       |   121 |       ||   121
       Shield            |       |       |       |       |    15 |     1 ||    16
       Rpst.: Falchion   |       |       |     5 |    32 |   106 |       ||   143

Table legend:
 A = Non-vault XP
 B = Vault XP
 C = Vault XP percentage of total XP
 D = Non-vault monster count
 E = Vault monster count
 F = Vault count percentage of total count
                 A         B        C        D         E       F
            +---------+---------+-------+---------+---------+-------
      Total |  103937 |   51312 |  33.1 |     588 |     238 |  28.8
            +---------+---------+-------+---------+---------+-------
        D:1 |      76 |       8 |   9.5 |      29 |       5 |  14.7
        D:2 |      77 |       0 |   0.0 |      24 |       0 |   0.0
        D:3 |      60 |      41 |  40.6 |      13 |       2 |  13.3
        D:4 |     614 |     221 |  26.5 |      21 |       2 |   8.7
        D:5 |     855 |      27 |   3.1 |      23 |       2 |   8.0
        D:6 |     632 |      94 |  12.9 |      12 |       1 |   7.7
        D:7 |     710 |       0 |   0.0 |      19 |       0 |   0.0
        D:8 |    2575 |    1057 |  29.1 |      30 |       9 |  23.1
        D:9 |    4254 |     648 |  13.2 |      31 |       5 |  13.9
       D:10 |    2747 |    2445 |  47.1 |      32 |      21 |  39.6
       D:11 |     707 |     875 |  55.3 |      13 |       3 |  18.8
       D:12 |    3270 |       0 |   0.0 |      24 |       0 |   0.0
       D:13 |    4957 |    1808 |  26.7 |      27 |       2 |   6.9
       D:14 |   11654 |       0 |   0.0 |      47 |       0 |   0.0
     Lair:1 |    1468 |       0 |   0.0 |       7 |       0 |   0.0
     Lair:2 |    6032 |    2030 |  25.2 |      19 |       2 |   9.5
     Lair:3 |    2966 |    2453 |  45.3 |      17 |       8 |  32.0
     Lair:4 |    3809 |       0 |   0.0 |      17 |       0 |   0.0
     Lair:5 |    5988 |     794 |  11.7 |      20 |       2 |   9.1
     Lair:6 |   13442 |    8592 |  39.0 |      43 |      46 |  51.7
    Snake:1 |   14928 |       0 |   0.0 |      26 |       0 |   0.0
    Snake:2 |   14314 |       0 |   0.0 |      26 |       0 |   0.0
      Orc:1 |    2892 |    5967 |  67.4 |      31 |      27 |  46.6
      Orc:2 |    4910 |   12595 |  72.0 |      37 |      71 |  65.7
      IceCv |       0 |    7695 | 100.0 |       0 |      21 | 100.0
   Gauntlet |       0 |    3962 | 100.0 |       0 |       9 | 100.0
            +---------+---------+-------+---------+---------+-------
